 Dungeon Crawl Stone Soup version 0.21.1-1-g345015f (webtiles) character file.

165 Glalom the Magician (level 5, -3/28 HPs)
             Began as a Deep Elf Fire Elementalist on July 21, 2018.
             Slain by a worker ant (6 damage)
             ... on level 4 of the Dungeon.
             The game lasted 00:07:37 (3032 turns).

Glalom the Magician (Deep Elf Fire Elementalist)    Turns: 3032, Time: 00:07:37

Health: -3/28      AC:  3    Str:  5    XL:     5   Next: 22%
Magic:  3/13       EV: 13    Int: 21    God:
Gold:   110        SH:  0    Dex: 15    Spells: 4/12 levels left

rFire    . . .     SeeInvis .   h - +1 dagger
rCold    . . .     Gourm    .   (no shield)
rNeg     . . .     Faith    .   u - +0 robe (curse)
rPois    .         Spirit   .   (no helmet)
rElec    .         Reflect  .   (no cloak)
rCorr    .         Harm     .   d - +0 pair of gloves
MR       +....                  (no boots)
Stlth    ++........             (no amulet)
HPRegen  0.09/turn              r - ring of protection from magic
MPRegen  0.13/turn              (no ring)

@: no status effects
A: no striking features
a: no special abilities


You were on level 4 of the Dungeon.
You were hungry.

You visited 1 branch of the dungeon, and saw 4 of its levels.

You collected 110 gold pieces.

Inventory:

Hand Weapons
 h - a +1 dagger (weapon)
Missiles
 x - 7 silver javelins (quivered)
Armour
 a - a +0 robe
 d - a +0 pair of gloves (worn)
 u - a cursed +0 robe (worn)
Jewellery
 r - a ring of protection from magic (left hand)
Wands
 t - a wand of iceblast (10)
Scrolls
 e - a scroll of enchant weapon
 g - a scroll of amnesia {unknown}
 j - a scroll of noise {unknown}
 l - 2 scrolls of teleportation
 m - a scroll of immolation {unknown}
 n - a scroll of blinking {unknown}
 o - a scroll of remove curse {unknown}
 q - 3 scrolls of identify {unknown}
 w - 2 scrolls of fear {unknown}
 y - a scroll of magic mapping {unknown}
 z - 2 scrolls of enchant armour {unknown}
Potions
 f - 2 potions of magic {unknown}
 i - 3 potions of flight {unknown}
 k - a potion of haste {unknown}
 p - 2 potions of curing {unknown}
 s - 2 potions of mutation {unknown}
 v - a potion of invisibility {unknown}
Books
 b - a book of Flames

   Spells                             Type                      Level
   a - Flame Tongue                   Conjuration/Fire             1
   b - Throw Flame                    Conjuration/Fire             2
   c - Conjure Flame                  Conjuration/Fire             3
   d - Inner Flame                    Hexes/Fire                   3
   e - Sticky Flame                   Conjuration/Fire             4
   f - Fireball                       Conjuration/Fire             5
 A - a book of Minor Magic

   Spells                             Type                      Level
   a - Magic Dart                     Conjuration                  1
   b - Blink                          Translocation                2
   c - Call Imp                       Summoning                    2
   d - Slow                           Hexes                        2
   e - Conjure Flame                  Conjuration/Fire             3
   f - Mephitic Cloud                 Conjuration/Poison/Air       3
Comestibles
 c - 8 rations


   Skills:
 - Level 2.4 Dodging
 - Level 2.4 Stealth
 - Level 4.3 Spellcasting
 * Level 4.1 Conjurations
 + Level 4.3 Fire Magic


You had 4 spell levels left.
You knew the following spells:

 Your Spells              Type           Power        Failure   Level  Hunger
a - Flame Tongue          Conj/Fire      ###..        1%          1    None
b - Conjure Flame         Conj/Fire      ###.....     6%          3    ##.....
c - Sticky Flame          Conj/Fire      ###.....     21%         4    ####...


Dungeon Overview and Level Annotations

Branches:
Dungeon (4/15)
 Temple: D:4-7

Altars:
Dithmenos
Qazlal
Zin

Annotations:
D:3 esteth's ghost, weakling MiBe


Message History

Esteth's ghost misses you.
You are feeling hungry.
There is a stone staircase leading down here.
You climb downwards.
A worker ant comes into view.
Found 24 sling bullets.
There is a stone staircase leading up here.
Casting: Sticky Flame
Confirm with . or Enter, or press ? or * to list all spells.
You don't have enough magic to cast that spell.
Unknown command.
You see here 24 sling bullets.
The worker ant bites you.
* * * LOW HITPOINT WARNING * * *
Casting: Sticky Flame
Confirm with . or Enter, or press ? or * to list all spells.
You don't have enough magic to cast that spell.
The worker ant misses you. The worker ant bites you.
You die...

######
#....#
#.<..+
#@...#
#.a.(#
#....#
######


You could see a worker ant.

Vanquished Creatures
  An orc priest (D:3)
  Natasha (D:3)
  3 adders
  2 oozes
  2 worms (D:2)
  3 dart slugs
  A leopard gecko (D:1)
  4 orcs (D:3)
  3 giant cockroaches
  4 goblins
  6 hobgoblins
  5 jackals
  2 quokkas
  2 ball pythons
  7 bats
  2 frilled lizards (D:3)
  7 kobolds
  8 rats
63 creatures vanquished.

Notes
Turn   | Place    | Note
-------+----------+-------------------------------------------
     0 | D:1      | Glalom the Deep Elf Fire Elementalist began the quest for the Orb.
     0 | D:1      | Reached XP level 1. HP: 10/10 MP: 6/6
   371 | D:1      | Reached XP level 2. HP: 15/15 MP: 2/8
  1164 | D:2      | Reached XP level 3. HP: 19/19 MP: 7/10
  1169 | D:2      | Learned a level 3 spell: Conjure Flame
  1415 | D:2      | Found a glowing silver altar of Zin.
  1558 | D:2      | Reached XP level 4. HP: 19/24 MP: 6/12
  1930 | D:2      | Found a shadowy altar of Dithmenos.
  2529 | D:2      | Learned a level 4 spell: Sticky Flame
  2654 | D:3      | Found a stormy altar of Qazlal.
  2696 | D:3      | Noticed Natasha
  2701 | D:3      | Killed Natasha
  2701 | D:3      | Reached XP level 5. HP: 25/28 MP: 8/13
  2957 | D:3      | Noticed esteth's ghost (weakling MiBe)
  3032 | D:4      | Slain by a worker ant

Skill      XL: |  1  2  3  4 |
---------------+-------------+-----
Conjurations   | 2 3 4 |  4.1
Spellcasting   | 4 |  4.3
Fire Magic     | 4 |  4.3
Dodging        | |  2.4
Stealth        | |  2.4

Action                   |  1- 3 |  4- 6 || total
-------------------------+-------+-------++-------
Melee: Dagger            |       |     4 ||     4
 Cast: Flame Tongue      |    62 |    69 ||   131
       Sticky Flame      |       |     2 ||     2
  Use: Scroll            |       |     2 ||     2
  Eat: Chunk             |     1 |     5 ||     6
Armor: Robe              |     1 |    14 ||    15
Dodge: Dodged            |    11 |    42 ||    53
